 Dungeon Crawl Stone Soup version 0.28-a0-1199-gef9e1dbd39 (webtiles) character file.

Game seed: 5378339727283978410

370 karrick the Sneak (level 6, -6/44 HPs)
             Began as a Gnoll Enchanter on Dec 20, 2021.
             Succumbed to a kobold brigand's curare-tipped dart
             ... in a sewer.
             The game lasted 00:07:11 (3325 turns).

karrick the Sneak (Gnoll Enchanter)                 Turns: 3325, Time: 00:07:12

Health: -6/44      AC:  4    Str:  9    XL:     6   Next: 70%
Magic:  14/14      EV: 13    Int: 15    God:
Gold:   33         SH:  0    Dex: 12    Spells: 12/15 levels left

rFire   . . .      SeeInvis .   n - +2 short sword (flame)
rCold   + . .      Faith    .   (no shield)
rNeg    . . .      Spirit   .   l - +2 robe {rC+}
rPois   .          Reflect  .   (no helmet)
rElec   .          Harm     .   (no cloak)
rCorr   .          Rampage  .   (no gloves)
Will    .....                   (no boots)
Stlth   +++.......              (no amulet)
HPRegen 0.14/turn               (no ring)
MPRegen 0.14/turn               (no ring)

@: lethally poisoned (-6 -> -42), slowed, very slow
A: fangs 1, strong nose, distributed training
a: no special abilities


You were in a sewer.
You visited 1 branch of the dungeon, and saw 4 of its levels.
You also visited: Sewer.

You collected 33 gold pieces.

Inventory:

Hand Weapons
 a - a +1 dagger
 n - a +2 short sword of flaming (weapon)
 o - a +0 dagger of electrocution
Armour
 l - a +2 robe of cold resistance (worn)
Jewellery
 i - an amulet of faith
Scrolls
 d - 2 scrolls of teleportation {unknown}
 e - 2 scrolls of amnesia {unknown}
 g - 3 scrolls of fear {unknown}
 h - a scroll of fog {unknown}
 j - a scroll of blinking {unknown}
 k - a scroll of noise {unknown}
Potions
 b - 2 potions of attraction {unknown}
 c - a potion of magic {unknown}
 f - a potion of curing {unknown}
 m - a potion of flight {unknown}
 p - a potion of experience {unknown}


   Skills:
 + Level 2.1 Fighting
 + Level 3.3 Short Blades
 + Level 2.1 Long Blades
 + Level 2.1 Axes
 + Level 2.1 Maces & Flails
 + Level 2.1 Polearms
 + Level 2.1 Staves
 + Level 2.1 Slings
 + Level 2.1 Bows
 + Level 2.1 Crossbows
 + Level 2.1 Throwing
 + Level 2.1 Armour
 + Level 5.0 Dodging
 + Level 6.3 Stealth
 + Level 2.1 Shields
 + Level 2.1 Unarmed Combat
 + Level 5.4 Spellcasting
 + Level 1.6 Conjurations
 + Level 5.7 Hexes
 + Level 1.6 Summonings
 + Level 1.6 Necromancy
 + Level 1.6 Translocations
 + Level 1.6 Transmutations
 + Level 1.6 Fire Magic
 + Level 1.6 Ice Magic
 + Level 1.6 Air Magic
 + Level 1.6 Earth Magic
 + Level 1.6 Poison Magic
 + Level 2.3 Invocations
 + Level 2.1 Evocations


You had 12 spell levels left.
You knew the following spells:

 Your Spells              Type           Power      Damage    Failure   Level
a - Confusing Touch       Hex            21%        N/A       4%          3

Your spell library contained the following spells:

 Spells                   Type           Power      Damage    Failure   Level
 Tukima's Dance           Hex            21%        N/A       4%          3
 Ensorcelled Hibernation  Hex/Ice        30%        N/A       5%          2
 Dazzling Flash           Conj/Hex       30%        N/A       11%         3


Dungeon Overview and Level Annotations

Branches:
Dungeon (4/15)              Sewer (1/1)
 Temple: D:4-7

Altars:
Xom

Annotations:
D:2 Robin


Innate Abilities, Weirdness & Mutations

You have very sharp teeth.
Your uncanny sense of smell can sniff out nearby items.
Your experience applies equally to all skills.


Message History

There is an open gate here.
Found a scroll labelled YJIETA GITA.
There is an open gate here.
Found a fuming green potion.
Found a gate leading back out of this place.
e - 2 scrolls labelled YJIETA GITA (gained 1)
c - a fuming green potion
There is a gate leading back out of this place here.
There is an open gate here.
A kobold brigand comes into view.
It is wielding a +0 club and quivering curare-tipped darts.
Found three items.
There is an open gate here.
Found a bubbling emerald potion.
The kobold brigand throws a curare-tipped dart.
The curare-tipped dart closely misses you.
Found a gate leading back out of this place.
The kobold brigand throws a curare-tipped dart.
The curare-tipped dart hits you.
You are poisoned.
You have difficulty breathing.
You feel yourself slow down.
You feel extremely sick.
You feel very sick.
The kobold brigand throws a curare-tipped dart.
The curare-tipped dart closely misses you.
The kobold brigand throws a curare-tipped dart.
The curare-tipped dart hits you.
You are more poisoned.
You have difficulty breathing.
You feel as though you will be slow longer.
There is an open gate here.
* * * LOW HITPOINT WARNING * * *
You feel extremely sick.
The kobold brigand throws a curare-tipped dart.
The curare-tipped dart hits you.
You are more poisoned.
You have difficulty breathing.
* * * LOW HITPOINT WARNING * * *
You feel as though you will be slow longer.
You close the gate.
You die...

##!!?## #≈.K.≈# #≈...≈#
#≈...≈# #≈...≈# #≈...≈#
#≈...≈# ##+++##
#########...@.#########
##≈≈≈≈≈≈#..§.§..#≈≈≈≈≈≈##
###)......'.......'.......###
#∩.(......'.§._.§.'........∩#
###.......'.......'.......###
##≈≈≈≈≈≈#...§...#≈≈≈≈≈≈##
##########...##########
#########'#######
#≈≈≈≈≈≈#...#≈≈≈≈≈


There were no monsters in sight!

Vanquished Creatures
  Grinder (Sewer)
  2 quasits (Sewer)
  Jessica (D:2)
  A river rat (D:3)
  3 shadow imps (Sewer)
  2 ufetubi (Sewer)
  A dart slug (D:1)
  4 bats
  An endoplasm (D:3)
  A giant cockroach (Sewer)
  4 goblins
  3 hobgoblins (D:1)
  17 kobolds
  2 ball pythons
  2 frilled lizards
  A giant cockroach zombie (Sewer)
  3 rats
49 creatures vanquished.

Vanquished Creatures (others)
  An endoplasm (Sewer)
  A giant cockroach zombie (Sewer)
  3 kobold zombies (Sewer)
5 creatures vanquished.

Grand Total: 54 creatures vanquished

Notes
Turn   | Place    | Note
-------+----------+-------------------------------------------
     0 | D:1      | karrick the Gnoll Enchanter began the quest for the Orb.
     0 | D:1      | Reached XP level 1. HP: 13/13 MP: 6/6
   406 | D:1      | Reached XP level 2. HP: 19/19 MP: 7/7
  1476 | D:2      | Found a shimmering altar of Xom.
  1566 | D:2      | Noticed Jessica
  1569 | D:2      | Killed Jessica
  1570 | D:2      | Reached skill level 6 in Stealth
  1570 | D:2      | Reached skill level 5 in Spellcasting
  1570 | D:2      | Reached skill level 1 in Invocations
  1570 | D:2      | Reached XP level 3. HP: 25/25 MP: 7/9
  1674 | D:2      | Noticed Robin
  1978 | D:2      | You fall into a shaft and drop 2 floors!
  2046 | D:3      | Found a glowing drain.
  2054 | D:3      | Learned a level 3 spell: Confusing Touch
  2079 | D:3      | Reached skill level 1 in Fighting
  2079 | D:3      | Reached skill level 1 in Long Blades
  2079 | D:3      | Reached skill level 1 in Axes
  2079 | D:3      | Reached skill level 1 in Maces & Flails
  2079 | D:3      | Reached skill level 1 in Polearms
  2079 | D:3      | Reached skill level 1 in Staves
  2079 | D:3      | Reached skill level 1 in Slings
  2079 | D:3      | Reached skill level 1 in Bows
  2079 | D:3      | Reached skill level 1 in Crossbows
  2079 | D:3      | Reached skill level 1 in Throwing
  2079 | D:3      | Reached skill level 1 in Armour
  2079 | D:3      | Reached skill level 1 in Shields
  2079 | D:3      | Reached skill level 1 in Unarmed Combat
  2079 | D:3      | Reached skill level 1 in Evocations
  2079 | D:3      | Reached XP level 4. HP: 23/32 MP: 6/11
  2085 | D:3      | Noticed a scorpion
  2115 | Sewer    | Entered a sewer
  2556 | Sewer    | Reached skill level 1 in Conjurations
  2556 | Sewer    | Reached skill level 1 in Summonings
  2556 | Sewer    | Reached skill level 1 in Necromancy
  2556 | Sewer    | Reached skill level 1 in Translocations
  2556 | Sewer    | Reached skill level 1 in Transmutations
  2556 | Sewer    | Reached skill level 1 in Fire Magic
  2556 | Sewer    | Reached skill level 1 in Ice Magic
  2556 | Sewer    | Reached skill level 1 in Air Magic
  2556 | Sewer    | Reached skill level 1 in Earth Magic
  2556 | Sewer    | Reached skill level 1 in Poison Magic
  2720 | Sewer    | Found a burning altar of Makhleb.
  2745 | Sewer    | Reached XP level 5. HP: 29/37 MP: 7/12
  3108 | Sewer    | Noticed Grinder
  3144 | Sewer    | Killed Grinder
  3145 | Sewer    | Reached skill level 5 in Dodging
  3145 | Sewer    | Reached XP level 6. HP: 21/44 MP: 9/14
  3325 | Sewer    | Succumbed to a kobold brigand's curare-tipped dart

Illustrated notes

Levels and vault maps discovered:
D:1:      noname_arrival_rooms_in_the_neighbourhood, layout_basic,
          serial_forest, infiniplex_forest_lined_3, infiniplex_forest_lined_2,
          infiniplex_forest_lined_3, infiniplex_forest_clump_double,
          infiniplex_forest_corner_1, infiniplex_forest_straight_4,
          infiniplex_forest_clump_long, infiniplex_forest_3_way
D:2:      layout_basic, basic_altar, minmay_statues_item, corexii_corridor_pit,
          uniq_jessica, uniq_robin
D:3:      layout_loops_cross, chequers_ecumenical_altar_simple_redux,
          portal_sewer_entry_b, serial_shops, nicolae_diamond_shop,
          minmay_misc_feat_tiny
D:4:      layout_basic
Sewer:    kennysheep_sewer_church

Skill      XL: |  1  2  3  4  5 |
---------------+----------------+-----
Stealth        | 6 |  6.3
Spellcasting   | 5 |  5.4
Invocations    | 1 2 |  2.3
Fighting       | 1 2 |  2.1
Long Blades    | 1 2 |  2.1
Axes           | 1 2 |  2.1
Maces & Flails | 1 2 |  2.1
Polearms       | 1 2 |  2.1
Staves         | 1 2 |  2.1
Slings         | 1 2 |  2.1
Bows           | 1 2 |  2.1
Crossbows      | 1 2 |  2.1
Throwing       | 1 2 |  2.1
Armour         | 1 2 |  2.1
Shields        | 1 2 |  2.1
Unarmed Combat | 1 2 |  2.1
Evocations     | 1 2 |  2.1
Conjurations   | 1 |  1.6
Summonings     | 1 |  1.6
Necromancy     | 1 |  1.6
Translocations | 1 |  1.6
Transmutations | 1 |  1.6
Fire Magic     | 1 |  1.6
Ice Magic      | 1 |  1.6
Air Magic      | 1 |  1.6
Earth Magic    | 1 |  1.6
Poison Magic   | 1 |  1.6
Short Blades   | 3 |  3.3
Dodging        | 5 |  5.0
Hexes          | |  5.7

Action                   |  1- 3 |  4- 6 || total
-------------------------+-------+-------++-------
Melee: Dagger            |   112 |    38 ||   150
       Bite              |     4 |    15 ||    19
       Short sword       |       |    82 ||    82
       Punch             |       |     1 ||     1
 Cast: Confusing Touch   |     2 |    20 ||    22
  Use: Potion            |       |     1 ||     1
 Stab: Sleeping          |     4 |     2 ||     6
       Confused          |     1 |     4 ||     5
       Invisible         |       |     1 ||     1
Armor: Robe              |    20 |    32 ||    52
Dodge: Dodged            |    58 |    82 ||   140

Table legend: (Time is in decaauts)
 A = Elapsed time spent in this place.
 B = Non-inter-level travel time spent in this place.
 C = Inter-level travel time spent in this place.
 D = Time resting spent in this place.
 E = Time spent auto-exploring this place.
 F = Levels seen in this place.
 G = Mean time per level.
                   A        B        C        D        E       F      G
               +--------+--------+--------+--------+--------+-----+--------+
         Total |   3308 |   3226 |     82 |    203 |   2286 |   5 |  661.6 |
       Dungeon |   2104 |   2022 |     82 |      0 |   1683 |   4 |  526.0 |
         Sewer |   1204 |   1204 |      0 |    203 |    603 |   1 | 1204.0 |
               +--------+--------+--------+--------+--------+-----+--------+

Top non-repeatable levels by time:
   Sewer: 1204 daAuts
     D:1: 1176 daAuts
     D:2: 794 daAuts
     D:3: 120 daAuts
     D:4: 13 daAuts
